 Dungeon Crawl Stone Soup version 0.30-a0-459-g9104f0fc43 (webtiles) character file.

Game seed: 16495067297047365000

161 oldriver the Shooter (level 5, -5/61 HPs)
             Began as a Barachi Hexslinger on Dec 15, 2022.
             Killed from afar by an orc wizard (8 damage)
             ... with a magic dart
             ... on level 4 of the Dungeon.
             The game lasted 00:02:25 (2444 turns).

oldriver the Shooter (Barachi Hexslinger)           Turns: 2444, Time: 00:02:27

Health: -5/61      AC: 22    Str: 11    XL:     5   Next: 42%
Magic:  5/5        EV:  2    Int: 12    God:
Gold:   254        SH:  0    Dex: 18    Spells: 5/6 levels left

rFire   . . .      SeeInvis .    a - +1 sling
rCold   . . .      Faith    .    (no shield)
rNeg    . . .      Spirit   .    (body armour currently unavailable)
rPois   +          Reflect  .    (helmet currently unavailable)
rElec   .          Harm     .    (cloak currently unavailable)
rCorr   .          Rampage  .    (gloves currently unavailable)
Will    .....      NoTele   +    (boots currently unavailable)
Stlth   ++........               (no amulet)
HPRegen 0.30/turn                (no ring)
MPRegen 0.09/turn                (no ring)

@: tree-form
A: stationary, stasis, torment immunity, boosted hp, (amphibious), (slowness 1),
(strong legs 1), +LOS, (hooves 1), agile 1, low MP 1
a: no special abilities


You were on level 4 of the Dungeon.
You were a tree.
You visited 1 branch of the dungeon, and saw 4 of its levels.

You collected 254 gold pieces.

Inventory:

Hand Weapons
 a - a +1 sling (weapon)
Armour
 c - a +0 robe
 n - a +0 helmet (melded)
 r - a +0 ring mail of fire resistance (melded)
Jewellery
 m - an amulet of magic regeneration
 p - an amulet of faith
 u - a ring of protection from cold
Wands
 v - a wand of polymorph (4)
Scrolls
 b - 2 scrolls of poison
 d - 4 scrolls of identify {unknown}
 e - 2 scrolls of magic mapping {unknown}
 g - a scroll of noise {unknown}
 h - a scroll of brand weapon {unknown}
 i - a scroll of amnesia {unknown}
 j - 2 scrolls of fear {unknown}
 k - 2 scrolls of fog {unknown}
 o - a scroll of acquirement {unknown}
 q - a scroll of blinking {unknown}
 s - 2 scrolls of vulnerability {unknown}
Potions
 f - a potion of ambrosia {unknown}
 l - 4 potions of lignification
 x - a potion of curing {unknown}


   Skills:
 + Level 3.5 Fighting
 * Level 4.6 Ranged Weapons
 - Level 2.1 Dodging
 - Level 1.1 Spellcasting
 - Level 3.2 Hexes


You had 5 spell levels left.
You knew the following spells:

 Your Spells              Type           Power      Damage    Failure   Level
a - Slow                  Hex            32%        N/A       8%          1

Your spell library contained the following spells:

 Spells                   Type           Power      Damage    Failure   Level
 Inner Flame              Hex/Fire       4%         N/A       41%         3
 Portal Projectile        Hex/Tloc       8%         N/A       41%         3
 Cause Fear               Hex            4%         N/A       61%         4


Dungeon Overview and Level Annotations

Branches:
Dungeon (4/15)
 Temple: D:4-7

Altars:
Vehumet

Shops:
D:1 [


Innate Abilities, Weirdness & Mutations

You are a tree.
Your roots penetrate the ground, keeping you stationary.
You cannot be teleported.
You are immune to unholy pain and torment.
Your maximum health is greatly increased.
Your equipment is partially melded.
((You are amphibious.))
((You cover ground slowly.))
((You can hop short distances.))
You have an extended range of vision and can be seen from far away.
((You have large cloven feet.))
You are agile. (Dex +4, Str/Int -1)
Your magical capacity is low. (-10% MP)


Message History

The magic dart hits you.
* * * LOW HITPOINT WARNING * * *
Unknown command.
You shoot a sling bullet.
You hear some strange, mumbled words.
Something tries to affect you, but you resist.
You shoot a sling bullet.
You hear some strange, mumbled words.
A magic dart appears from out of thin air!
The magic dart hits you.
* * * LOW HITPOINT WARNING * * *
The dart slug barely misses you.
You shoot a sling bullet.
You feel less confused. Something hits you.
* * * LOW HITPOINT WARNING * * *
The dart slug misses you.
You hear some strange, mumbled words.
Something tries to affect you, but you resist.
Okay, then.
It was a potion of lignification.
You turn into a tree.
Your +0 helmet melds into your body.
Your +0 ring mail of fire resistance melds into your body.
You feel less resistant to fire.
Your roots penetrate the ground.
The dart slug launches a dart at you.
The slug dart hits you but does no damage.
Something hits you.
* * * LOW HITPOINT WARNING * * *
Something burns you.
* * * LOW HITPOINT WARNING * * *
It was a potion of magic.
Magic courses through your body. Something hits you but does no damage.
The dart slug launches a dart at you.
The slug dart hits you but does no damage.
It was a potion of mutation.
You feel extremely strange.
You feel less energetic.
You feel agile.
Your feet thicken and deform.
You hear some strange, mumbled words.
A magic dart appears from out of thin air!
The magic dart hits you!
You die...

#############
##.....#.....##
##.............##
#...........)...#
#...............##
#......[..........
#................#
#........♣{.=....#
#...)....w)......#
##.<(.............
##.....#......)..
########....##.#
.#### . ##


You could see a dart slug.

Vanquished Creatures
  A hound (D:4)
  Natasha (twice) (D:3)
  An adder (D:4)
  2 worms (D:2)
  2 dart slugs
  4 orcs
  3 bats (D:2)
  4 endoplasms
  2 giant cockroaches (D:1)
  10 hobgoblins
  4 jackals (D:2)
  3 quokkas
  4 ball pythons
  4 frilled lizards
  5 goblins
  5 kobolds
  2 rats
58 creatures vanquished.

Notes
Turn   | Place    | Note
-------+----------+-------------------------------------------
     0 | D:1      | oldriver the Barachi Hexslinger began the quest for the
                  | Orb.
     0 | D:1      | Reached XP level 1. HP: 15/15 MP: 2/2
   185 | D:1      | Reached XP level 2. HP: 19/22 MP: 3/3
   255 | D:1      | Found Loluust's Armour Shoppe.
   791 | D:2      | Reached skill level 3 in Ranged Weapons
   844 | D:2      | Reached XP level 3. HP: 27/27 MP: 4/4
  1141 | D:2      | Found a radiant altar of Vehumet.
  1919 | D:3      | Found a faded altar of an unknown god.
  1922 | D:3      | Reached XP level 4. HP: 34/34 MP: 5/5
  1986 | D:3      | Noticed Natasha
  1992 | D:3      | Killed Natasha
  2127 | D:3      | Reached skill level 4 in Ranged Weapons
  2223 | D:3      | Noticed Natasha
  2230 | D:3      | Killed Natasha
  2248 | D:3      | Reached XP level 5. HP: 41/41 MP: 6/6
  2251 | D:3      | Noticed an ogre
  2442 | D:4      | HP: 3/61 [something (1)]
  2444 | D:4      | Gained mutation: Your magical capacity is low. (-10% MP)
                  | [potion of mutation]
  2444 | D:4      | Gained mutation: You are agile. (Dex +4, Str/Int -1)
                  | [potion of mutation]
  2444 | D:4      | Gained mutation: You have large cloven feet. [potion of
                  | mutation]
  2444 | D:4      | Killed from afar by an orc wizard

Illustrated notes

Levels and vault maps discovered:
D:1:      enne_arrival_octagon_isle, layout_basic, serial_shops, shop,
          serial_park_tiny_1
D:2:      layout_loops_corners, basic_altar, minmay_liquid_box,
          minmay_pentomino_p4
D:3:      cheibrodos_greedy_goblins, layout_basic,
          hellmonk_ecumenical_altar_slurped_away, minmay_ogre_servants,
          uniq_crazy_yiuf_cottage, uniq_natasha
D:4:      layout_rooms, uniq_menkaure

Skill      XL: |  1  2  3  4 |
---------------+-------------+-----
Fighting       | 2 3 |  3.5
Ranged Weapons | 3 4 |  4.6
Dodging        | |  2.1
Spellcasting   | |  1.1
Hexes          | |  3.2

Action                   |  1- 3 |  4- 6 || total
-------------------------+-------+-------++-------
Melee: Unarmed           |       |    13 ||    13
       Sling             |       |     1 ||     1
 Fire: Sling             |   147 |    95 ||   242
 Abil: Hop               |     1 |     1 ||     2
  Use: Potion            |       |     3 ||     3
Armor: Robe              |    20 |       ||    20
       Ring mail         |       |    26 ||    26
       Skin              |       |     8 ||     8
Dodge: Dodged            |    48 |    45 ||    93

Table legend: (Time is in decaauts)
 A = Elapsed time spent in this place.
 B = Non-inter-level travel time spent in this place.
 C = Inter-level travel time spent in this place.
 D = Time resting spent in this place.
 E = Time spent auto-exploring this place.
 F = Levels seen in this place.
 G = Mean time per level.
                   A        B        C        D        E       F      G
               +--------+--------+--------+--------+--------+-----+--------+
         Total |   2865 |   2757 |    108 |    143 |   2130 |   4 |  716.2 |
       Dungeon |   2865 |   2757 |    108 |    143 |   2130 |   4 |  716.2 |
               +--------+--------+--------+--------+--------+-----+--------+

Top non-repeatable levels by time:
     D:2: 1154 daAuts
     D:1: 818 daAuts
     D:3: 696 daAuts
     D:4: 196 daAuts
